AoeStats
← Fazzz7z

Arabia

507262524Analyzed
2v2 RM · 15d ago on Sep 17, 2026· 41m 44s· 4 players
Game mode
Random Map
Map size
Medium (4 player)
Population
200
Speed
Normal
Resources
Standard
Victory
Conquest
Starting age
Dark Age
Ending age
Imperial Age
RankedLock teamsTeams togetherTeam positionsShared explorationLock speedFull tech treeHidden civsTurbo modeCheats
Victory
Defeat
🇬🇧 Poles · United Kingdom
1452
+13
🇨🇳 Ethiopians · China
1418
+14
🇨🇱 Magyars · Chile
1387
-13
🇩🇪 Japanese · Germany
1384
-14
Fsee
6:24 Loom
8:41 Feudal Age
9:12 Double-Bit Axe
13:40 Fletching
20:12 Horse Collar
20:54 Gold Mining
25:47 Castle Age
25:48 Town Watch
26:05 Crossbowman
27:07 Bodkin Arrow
29:35 Gold Shaft Mining
29:53 Bow Saw
30:39 Ballistics
34:37 Wheelbarrow
37:33 Thumb Ring
40:49 Imperial Age
39:22 Stone Mining
40:41 Stone Shaft Mining
41:04 Murder Holes
41:13 Padded Archer Armor
42:51 Chemistry
Fazzz7z
7:08 Loom
9:37 Feudal Age
10:12 Double-Bit Axe
16:58 Forging
22:05 Castle Age
21:23 Bloodlines
21:19 Scale Barding Armor
21:59 Horse Collar
23:25 Iron Casting
22:53 Gold Mining
24:42 Husbandry
26:56 Wheelbarrow
26:33 Stone Mining
27:52 Chain Barding Armor
29:00 Bow Saw
29:21 Fletching
31:04 Stone Shaft Mining
33:56 Hand Cart
41:32 Imperial Age
41:34 Cavalier
43:15 Blast Furnace
ttbenitez
9:14 Feudal Age
8:10 Loom
9:19 Man-at-Arms
9:44 Double-Bit Axe
15:52 Fletching
18:56 Padded Archer Armor
22:11 Castle Age
20:52 Horse Collar
21:04 Gold Mining
23:12 Bow Saw
23:10 Bodkin Arrow
23:23 Crossbowman
26:08 Leather Archer Armor
27:50 Wheelbarrow
28:07 Thumb Ring
28:39 Pikeman
29:20 Squires
39:17 Gold Shaft Mining
38:07 Elite Skirmisher
43:02 Imperial Age
41:23 Ballistics
41:12 Heavy Plow
JaniToPz
7:08 Loom
9:39 Feudal Age
10:49 Double-Bit Axe
18:15 Scale Barding Armor
20:30 Horse Collar
25:14 Castle Age
24:09 Bloodlines
23:57 Gold Mining
25:09 Town Watch
26:26 Chain Barding Armor
26:34 Husbandry
27:02 Bow Saw
29:56 Heavy Plow
Connection lost

Rejoining the realm…

Still unreachable

The connection could not be restored.

Session expired

The server has moved on; the page needs a fresh start.